 Dungeon Crawl Stone Soup version 0.18.1-48-g4cf74bf (webtiles) character file.

3145 sveltemanboy the Basher (level 9, -1/93 HPs)
             Began as an Ogre Hunter on July 6, 2016.
             Was a Follower of Okawaru.
             Slain by Psyche
             ... wielding a +0 dagger of chaos
              (2 damage)
             ... while paralysed by Psyche
             ... on level 8 of the Dungeon.
             The game lasted 00:23:20 (8256 turns).

sveltemanboy the Basher (Ogre Hunter)               Turns: 8256, Time: 00:23:21

Health: -1/93      AC:  5    Str: 21    XL:     9   Next: 93%
Magic:  20/20      EV:  1    Int: 11    God:    Okawaru [*.....]
Gold:   387        SH:  0    Dex: 10    Spells: 1 memorised, 9 levels left

rFire  . . .     SeeInvis .     x - +0 morningstar
rCold  . . .     Gourm    .     b - +0 robe
rNeg   . . .     Faith    .     (no shield)
rPois  .         Spirit   .     (helmet restricted)
rElec  .         Dismiss  .     q - +1 cloak
rCorr  .         Reflect  .     (gloves unavailable)
SustAt .         Harm     .     (boots unavailable)
MR     .....     Rnd*Tele +     (no amulet)
Stlth  +.........               (no ring)
                                n - ring of magical power

@: paralysed, lethally poisoned (-1 -> -9), not resistant to hostile
enchantments, very unstealthy
A: unfitting armour, teleportitis 1, tough skin 1
a: Heroism, Renounce Religion


You were on level 8 of the Dungeon.
You worshipped Okawaru.
Okawaru was aware of your devotion.
You were not hungry.

You visited 2 branches of the dungeon, and saw 9 of its levels.

You collected 387 gold pieces.

Inventory:

Hand Weapons
 o - a +0 giant spiked club
 x - a +0 morningstar (weapon)
Missiles
 d - 5 tomahawks (quivered)
 v - a throwing net
 w - 3 large rocks
Armour
 b - a +0 robe (worn)
 q - a +1 cloak (worn)
Jewellery
 n - a ring of magical power (left hand)
Wands
 y - a wand of iceblast (8/15)
Scrolls
 a - a scroll of blinking
 e - 8 scrolls of teleportation
 g - 2 scrolls of magic mapping
 h - 3 scrolls of fog
 i - a scroll of amnesia
 k - a scroll of recharging {unknown}
 l - 3 scrolls of fear
 m - 5 scrolls of identify
 r - 2 scrolls of remove curse
 s - 2 scrolls of enchant armour
 B - a scroll of acquirement {unknown}
Potions
 c - 2 potions of invisibility
 t - 2 potions of flight
Comestibles
 f - 5 bread rations
 p - 9 fruits
 u - 3 slices of pizza
 A - a chunk of flesh
 C - a meat ration


   Skills:
 - Level 7.0 Fighting
 * Level 12.3 Maces & Flails
 - Level 4.0 Throwing
 - Level 2.0 Armour
 + Level 4.7 Dodging
 - Level 0.7 Stealth
 - Level 1.2 Spellcasting
 - Level 3.1 Conjurations
 + Level 3.1 Invocations


You had 9 spell levels left.
You knew the following spells:

 Your Spells              Type           Power        Failure   Level  Hunger
a - Magic Dart            Conj           #...         12%         1    ##.....


Dungeon Overview and Level Annotations

Branches:
Dungeon (8/15)             Temple (1/1) D:7
   Lair: D:8-11

Altars:
Ashenzari
Cheibriados
Elyvilon
Kikubaaqudgha
Nemelex Xobeh
Okawaru
Pakellas
Qazlal
Sif Muna
Trog
Vehumet
Yredelemnul
The Shining One

Annotations:
D:8 Psyche


Innate Abilities, Weirdness & Mutations

You are too large for most types of armour.
You have tough skin (AC +1).
You are occasionally teleported next to monsters.


Message History

Psyche laughs secretively.
Psyche zaps a wand.
You easily resist.
The orc warrior hits the freed slave with a trident!!
The worker ant bites you but does no damage.
The freed slave barely misses the orc warrior.
Psyche completely misses you.
You hear a shout!
* * * LOW HITPOINT WARNING * * *
You feel sick. Psyche hits you but does no damage.
The worker ant bites you but does no damage.
The orc warrior moves out of view.
* * * LOW HITPOINT WARNING * * *
You feel sick. Psyche hits you with a dagger of chaos.
* * * LOW HITPOINT WARNING * * *
Psyche freezes you.
* * * LOW HITPOINT WARNING * * *
Psyche hits you with a dagger of chaos.
* * * LOW HITPOINT WARNING * * *
Psyche freezes you.
You die...

###########
........(.#
#....#
.#######...##
.......p##..##
.######...#a.###
###.@@K).#
####Kp)p..#
#.)#....#
#@a..#..# .K..##
:. ....# . .K..#
.....#


You could see Psyche, a worker ant, 2 kobolds and 3 neutral freed slaves.

Vanquished Creatures
  Pikel (D:8)
  Menkaure (D:6)
  Duvessa (D:6)
  An ice beast (D:7)
  A sky beast (D:5)
  A black bear (D:7)
  3 ogres
  2 phantoms
  A big kobold (D:7)
  2 giant frogs
  A wyvern skeleton (D:7)
  A water moccasin skeleton (D:7)
  Dowan (D:6)
  2 howler monkeys
  7 wights
  4 crimson imps
  A centaur zombie (D:5)
  A wasp zombie (D:8)
  Crazy Yiuf (D:7)
  2 hounds
  2 jellies
  3 giant frog skeletons
  A giant frog zombie (D:5)
  2 orc priests
  A centaur skeleton (D:5)
  3 iguanas
  5 orc wizards
  3 worker ants
  A hound skeleton (D:7)
  A hound zombie (D:5)
  A worker ant zombie (D:7)
  A gnoll (D:3)
  9 adders
  3 oozes
  2 adder skeletons
  An adder zombie (D:7)
  A worm (D:3)
  A dart slug (D:3)
  3 giant geckos
  22 orcs
  3 ball pythons
  4 giant cockroaches
  10 goblins
  6 hobgoblins
  17 jackals
  4 quokkas
  9 bats
  3 giant gecko skeletons
  4 giant newts
  A jackal zombie (D:5)
  7 kobolds
  11 rats
  A fungus (D:7)
181 creatures vanquished.

Vanquished Creatures (others)
  A slave (D:8)
  2 gnolls (D:3)
  An orc (D:3)
  2 kobolds (D:8)
6 creatures vanquished.

Grand Total: 187 creatures vanquished

Notes
Turn   | Place    | Note
--------------------------------------------------------------
     0 | D:1      | sveltemanboy the Ogre Hunter began the quest for the Orb.
     0 | D:1      | Reached XP level 1. HP: 22/22 MP: 1/1
   147 | D:1      | Reached XP level 2. HP: 31/31 MP: 2/2
   500 | D:1      | Reached skill level 1 in Armour
   760 | D:1      | Reached skill level 1 in Maces & Flails
   908 | D:1      | Reached XP level 3. HP: 37/37 MP: 3/3
  1101 | D:2      | Found an oddly glowing altar of Pakellas.
  1134 | D:2      | Reached skill level 2 in Maces & Flails
  1665 | D:2      | Reached XP level 4. HP: 46/46 MP: 4/4
  1690 | D:2      | Reached skill level 3 in Maces & Flails
  2068 | D:3      | Found a radiant altar of Vehumet.
  2082 | D:3      | Found a snail-covered altar of Cheibriados.
  2085 | D:3      | Found a bloodstained altar of Trog.
  2088 | D:3      | Found an ancient bone altar of Kikubaaqudgha.
  2621 | D:3      | Reached skill level 4 in Maces & Flails
  2621 | D:3      | Reached XP level 5. HP: 54/54 MP: 5/5
  3487 | D:4      | Noticed a phantom
  3497 | D:4      | Reached skill level 5 in Maces & Flails
  3497 | D:4      | Reached XP level 6. HP: 52/65 MP: 6/6
  3516 | D:4      | Killed a phantom
  3516 | D:4      | Reached skill level 5 in Fighting
  3607 | D:4      | HP: 2/66 [orc/hand axe (8)]
  3618 | D:4      | Reached skill level 6 in Maces & Flails
  4019 | D:4      | Learned a level 1 spell: Magic Dart
  4262 | D:4      | Noticed a moth of wrath
  4265 | D:4      | Found a bloodstained altar of Trog.
  4657 | D:5      | Entered Level 5 of the Dungeon
  4726 | D:5      | Reached skill level 1 in Spellcasting
  4726 | D:5      | Reached XP level 7. HP: 57/72 MP: 8/8
  4836 | D:5      | Reached skill level 7 in Maces & Flails
  5162 | D:5      | Reached skill level 1 in Conjurations
  5351 | D:5      | Reached skill level 8 in Maces & Flails
  5351 | D:5      | Reached XP level 8. HP: 64/81 MP: 9/9
  5384 | D:5      | Gained mutation: Your spells are a little harder to cast, but a little more powerful. [mutagenic meat]
  5385 | D:5      | Gained mutation: Your flesh is heat resistant. [mutagenic meat]
  5386 | D:5      | Gained mutation: You are partially covered in yellow scales (AC +2). [mutagenic meat]
  5387 | D:5      | Gained mutation: You are occasionally teleported next to monsters. [mutagenic meat]
  5388 | D:5      | Gained mutation: You are dopey. (Int -2) [mutagenic meat]
  5389 | D:5      | Lost mutation: Your flesh is heat resistant. [potion of cure mutation]
  5389 | D:5      | Lost mutation: You are partially covered in yellow scales (AC +2). [potion of cure mutation]
  5389 | D:5      | Lost mutation: You are dopey. (Int -2) [potion of cure mutation]
  5389 | D:5      | Lost mutation: Your spells are a little harder to cast, but a little more powerful. [potion of cure mutation]
  5760 | D:6      | Noticed Menkaure
  5769 | D:6      | Killed Menkaure
  5830 | D:6      | Reached skill level 9 in Maces & Flails
  6136 | D:6      | Noticed Dowan
  6137 | D:6      | Noticed Duvessa
  6159 | D:6      | Killed Dowan
  6391 | D:6      | Killed Duvessa
  6814 | D:6      | Found a sparkling altar of Nemelex Xobeh.
  7037 | D:7      | Reached skill level 10 in Maces & Flails
  7120 | D:7      | Reached XP level 9. HP: 71/89 MP: 10/10
  7229 | D:7      | Found a staircase to the Ecumenical Temple.
  7274 | D:7      | Reached skill level 11 in Maces & Flails
  7282 | Temple   | Entered the Ecumenical Temple
  7297 | Temple   | Became a worshipper of Warmaster Okawaru
  7433 | D:7      | Reached skill level 1 in Invocations
  7896 | D:7      | Noticed Crazy Yiuf
  7898 | D:7      | Killed Crazy Yiuf
  8199 | D:8      | Reached * piety under Okawaru
  8220 | D:8      | Noticed Pikel
  8227 | D:8      | Noticed Psyche
  8235 | D:8      | Killed Pikel
  8235 | D:8      | Reached skill level 12 in Maces & Flails
  8252 | D:8      | Paralysed by Psyche for 6 turns
  8256 | D:8      | HP: 1/93 [Psyche/dagger of chaos (4)]
  8256 | D:8      | Slain by Psyche

Skill      XL: |  1  2  3  4  5  6  7  8  9 |
---------------+----------------------------+-----
Dodging        | 2 3 4 |  4.7
Fighting       | 3 4 5 7 |  7.0
Armour         | 1 2 |  2.0
Maces & Flails | 1 2 4 5 6 8 10 12 | 12.3
Spellcasting   | 1 |  1.2
Conjurations   | 1 3 |  3.1
Invocations    | 3 |  3.1
Throwing       | |  4.0
Stealth        | |  0.7

Action                   |  1- 3 |  4- 6 |  7- 9 || total
-------------------------+-------+-------+-------++-------
Melee: Short sword       |    32 |       |       ||    32
       Whip              |    88 |    83 |       ||   171
       Morningstar       |       |   147 |   300 ||   447
Throw: Large rock        |     4 |     7 |    11 ||    22
       Stone             |     8 |    32 |       ||    40
       Throwing net      |     1 |     5 |     3 ||     9
       Tomahawk          |       |     6 |   107 ||   113
  Use: Scroll            |       |     8 |     2 ||    10
       Potion            |       |     5 |     9 ||    14
 Stab: Sleeping          |     1 |     2 |       ||     3
       Distracted        |     1 |       |       ||     1
       Held in net/web   |     1 |       |     1 ||     2
  Eat: Chunk             |     2 |    11 |    17 ||    30
Armor: Robe              |    34 |    52 |    82 ||   168
       Skin              |       |    24 |    69 ||    93
Dodge: Dodged            |    47 |    91 |   107 ||   245
